 Dungeon Crawl Stone Soup version 0.30-a0-883-g5ad918d77d (webtiles) character file.

Game seed: 13357564949600635918

5 Pimp the Firebug (level 1, -1/14 HPs)
             Began as a Draconian Fire Elementalist on Mar 16, 2023.
             Frozen to death by an endoplasm (5 damage)
             ... on level 1 of the Dungeon.
             The game lasted 00:00:52 (219 turns).

Pimp the Firebug (Draconian Fire Elementalist)       Turns: 219, Time: 00:00:53

Health: -1/14      AC:  5    Str: 10    XL:     1   Next: 66%
Magic:  3/3        EV: 12    Int: 15    God:
Gold:   19         SH:  0    Dex: 11    Spells: 3/4 levels left

rFire   . . .      SeeInvis .    d - +1 mace (heavy)
rCold   . . .      Faith    .    (no shield)
rNeg    . . .      Spirit   .    (body armour unavailable)
rPois   .          Reflect  .    (helmet restricted)
rElec   .          Rampage  .    c - +0 cloak
rCorr   .                        (no gloves)
Will    .....                    (no boots)
Stlth   ++                       (no amulet)
HPRegen 0.22/turn                (no ring)
MPRegen 0.08/turn                (no ring)

@: slowed, very slow
A: AC +4, unfitting armour, cold-blooded
a: no special abilities


You were on level 1 of the Dungeon.
You visited 1 branch of the dungeon, and saw 1 of its levels.

You collected 19 gold pieces.

Inventory:

Hand Weapons
 d - a +1 heavy mace (weapon)
Armour
 c - a +0 cloak (worn)
Jewellery
 b - an amulet of faith
Scrolls
 f - a scroll of noise {unknown}
Potions
 a - a potion of magic
 e - a potion of haste {unknown}


   Skills:
 + Level 1.9 Dodging
 + Level 1.9 Stealth
 + Level 2.0 Spellcasting
 + Level 1.1 Conjurations
 + Level 3.0 Fire Magic


You had 3 spell levels left.
You knew the following spells:

 Your Spells              Type           Power      Damage    Failure   Level
a - Foxfire               Conj/Fire      28%        2x1d5     10%         1

Your spell library contained the following spells:

 Spells                   Type           Power      Damage    Failure   Level
 Scorch                   Fire           20%        2d6       10%         2
 Inner Flame              Hex/Fire       6%         N/A       34%         3
 Kindle Blastsparks       Fire/Tloc/Air  8%         2d10      41%         3
 Flame Wave               Conj/Fire      7%         2d5       67%         4


Dungeon Overview and Level Annotations

Branches:
Dungeon (1/15)

Altars:

Shops:
D:1 :


Innate Abilities, Weirdness & Mutations

Your plain brown scales are hard. (AC +4)
You cannot fit into any form of body armour.
You are cold-blooded and may be slowed by cold attacks.


Message History

You kill the hobgoblin!
Casting: Foxfire (safe; 10% risk of failure)
Confirm with . or Enter, or press ? or * to list all spells.
You miscast Foxfire.
You are very lightly contaminated with residual magic.
Nothing appears to happen.
The kobold hits you but does no damage.
You barely miss the kobold.
Your tail-slap misses the kobold.
The kobold hits you but does no damage. The kobold closely misses you.
The kobold hits you but does no damage. The kobold closely misses you.
The kobold barely misses you. x2
The kobold misses you.
You closely miss the kobold. Your punch misses the kobold.
The kobold misses you. The kobold closely misses you.
The kobold hits you with a +0 short sword.
The kobold hits you but does no damage.
You closely miss the kobold. The kobold hits you with a +0 dagger.
The kobold hits you but does no damage. The kobold closely misses you.
The kobold hits you but does no damage.
Your magical contamination has completely faded away.
You closely miss the kobold. The kobold hits you but does no damage.
The kobold misses you.
A hobgoblin comes into view.
The hobgoblin shouts!
You sock the hobgoblin!
You kill the hobgoblin!
The kobold barely misses you. The kobold attacks as you move away!
The kobold closely misses you.
You see here a hobgoblin corpse.
You miss the kobold. The kobold barely misses you. The kobold misses you.
You barely miss the kobold. The kobold barely misses you.
The kobold closely misses you.
You hit the kobold.
You kill the kobold!
The endoplasm freezes you.
You are frozen.
* * * LOW HITPOINT WARNING * * *
You feel yourself slow down. The endoplasm freezes you.
You are frozen.
You die...

## #####.#
#.KJ@.#
#.##### ##.#
#..# ##.##
#..# #. #†##
##..
##.######...
####..#......#
.


You could see an endoplasm and a kobold.

Vanquished Creatures
  2 hobgoblins (D:1)
  A frilled lizard (D:1)
  A goblin (D:1)
  A kobold (D:1)
  A rat (D:1)
6 creatures vanquished.

Vanquished Creatures (collateral kills)
  A foxfire (D:1)
1 creature vanquished.

Vanquished Creatures (others)
  2 foxfires (D:1)
2 creatures vanquished.

Grand Total: 9 creatures vanquished

Notes
Turn   | Place    | Note
-------+----------+-------------------------------------------
     0 | D:1      | Pimp the Draconian Fire Elementalist began the quest for
                  | the Orb.
     0 | D:1      | Reached XP level 1. HP: 14/14 MP: 3/3
   179 | D:1      | Found Komai's Vocational Training.
   219 | D:1      | Frozen to death by an endoplasm

Illustrated notes

Levels and vault maps discovered:
D:1:      dpeg_arrival_prison, layout_rooms, nicolae_shop_vocational

Action                     || total
---------------------------++-------
  Melee: Mace              ||    12
         Unarmed           ||     3
   Cast: Foxfire           ||     3
 Armour: Skin              ||    11
  Dodge: Dodged            ||    25

Table legend: (Time is in decaauts)
 A = Elapsed time spent in this place.
 B = Non-inter-level travel time spent in this place.
 C = Inter-level travel time spent in this place.
 D = Time resting spent in this place.
 E = Time spent auto-exploring this place.
 F = Levels seen in this place.
 G = Mean time per level.
                   A        B        C        D        E       F      G
               +--------+--------+--------+--------+--------+-----+--------+
         Total |    231 |    213 |     18 |      0 |    126 |   1 |  231.0 |
       Dungeon |    231 |    213 |     18 |      0 |    126 |   1 |  231.0 |
               +--------+--------+--------+--------+--------+-----+--------+

Top non-repeatable levels by time:
     D:1: 231 daAuts
